 Dungeon Crawl Stone Soup version 0.30.1-11-g7821555f0a (webtiles) character file.

Game seed: 3176857862701429116

882 porpoise the Skirmisher (level 8, 0/49 HPs)
             Began as a Kobold Hunter on Dec 18, 2023.
             Killed from afar by an orc wizard (10 damage)
             ... with a puff of flame
             ... on level 4 of the Dungeon.
             The game lasted 00:07:13 (2973 turns).

porpoise the Skirmisher (Kobold Hunter)             Turns: 2973, Time: 00:07:13

Health: 0/49       AC:  4    Str: 14      XL:     8   Next: 25%
Magic:  8/8        EV: 15    Int: 11      God:
Gold:   198        SH:  0    Dex: 19 (20) Spells: 7/7 levels left

rFire   . . .        a - +0 shortbow
rCold   . . .        (shield currently unavailable)
rNeg    . . .        c - +0 leather armour
rPois   .            (no helmet)
rElec   .            n - +0 cloak
rCorr   .            (no gloves)
SInv    .            (no boots)
Will    .....        (no amulet)
Stlth   ++++         k - +6 ring of strength
HPRegen 0.28/turn    (no ring)
MPRegen 0.11/turn

%: no passive effects
@: no status effects
A: small, no large weapons, nightstalker 3
a: no special abilities


You were on level 4 of the Dungeon.
You visited 2 branches of the dungeon, and saw 5 of its levels.

You collected 198 gold pieces.

Inventory:

Hand Weapons
 a - a +0 shortbow (weapon)
Missiles
 d - a throwing net
Armour
 c - a +0 leather armour (worn)
 n - a +0 cloak (worn)
Jewellery
 k - a +6 ring of strength (left hand)
 o - an amulet of faith
Wands
 r - a wand of paralysis (13)
Scrolls
 b - 2 scrolls of immolation
 f - 3 scrolls of teleportation
 j - a scroll of vulnerability
 m - a scroll of magic mapping {unknown}
 p - a scroll of poison {unknown}
 q - a scroll of fear {unknown}
 s - 3 scrolls of fog
Potions
 e - a potion of attraction
 g - a potion of flight
 h - 2 potions of brilliance
 l - a potion of haste {unknown}


   Skills:
 + Level 5.2 Fighting
 * Level 9.8 Ranged Weapons
 - Level 2.4 Dodging
 + Level 6.3 Stealth


You had 7 spell levels left.
You didn't know any spells.
Your spell library was empty.

Dungeon Overview and Level Annotations

Branches:
Dungeon (4/15)             Temple (1/1) D:4

Altars:
Cheibriados
Elyvilon
Gozag
Hepliaklqana
Kikubaaqudgha
Makhleb
Okawaru
Qazlal
Ru
Sif Muna
Uskayaw
Vehumet
Xom
Yredelemnul
The Shining One

Shops:
D:1 (


Innate Abilities, Weirdness & Mutations

You are small and have problems with some larger weapons.
You are completely attuned to the shadows.


Message History

The shadow imp disappears in a puff of smoke!
The bat disappears in a puff of smoke!
You feel your dexterity returning.
Your Fighting skill increases to level 5!
Your Stealth skill increases to level 6!
You shoot an arrow. The arrow hits the orc!
You kill the orc!
You shoot an arrow.
The arrow hits the orc but does no damage.
The orc hits you with a +0 whip.
* * * LOW HITPOINT WARNING * * *
You shoot an arrow. The arrow closely misses the orc.
The orc barely misses you.
You shoot an arrow. The arrow hits the orc.
The orc is severely wounded.
The orc misses you.
You shoot an arrow.
The arrow hits the orc but does no damage.
The orc is heavily wounded.
The orc misses you.
You shoot an arrow. The arrow barely misses the orc.
The orc hits you with a +0 whip.
* * * LOW HITPOINT WARNING * * *
You feel better. The orc closely misses you.
You shoot an arrow. The arrow closely misses the orc.
The orc drinks a potion.
The orc is healed!
You shoot an arrow. The arrow hits the orc!
You kill the orc!
You shoot an arrow.
You hear some strange, mumbled words.
A puff of flame appears from out of thin air!
The puff of flame hits you.
* * * LOW HITPOINT WARNING * * *
You shoot an arrow. Something barely misses you.
You shoot an arrow. Something barely misses you.
You shoot an arrow.
You hear some strange, mumbled words.
A puff of flame appears from out of thin air!
The puff of flame hits you!
You die...

###.# #.....####
#.#.# ##.......#
....# #.##.##.# #.###
#....##.# #.##### .
#..#†##.# #...... #.
#....##.### ...####.#
##.### #.........#
.........
.....#####.#####.##
....###.#
#.).{@....#####..####
##......#
#.#.##......[###....#
##.##### o.
#.##.#####.# ####.#
.##.# o #.##.#####.#
#.# ....###
#.##.##).).# ###.##
###.†.# #.##.##.#
###'## #.#.#
#[......#####⌠.⌠#
#.#.# ..........#.>.+
#.#.# .#.#..#####⌠.⌠#


There were no monsters in sight!

Vanquished Creatures
  Sigmund (D:2)
  Eustachio (D:4)
  An ogre (D:4)
  A centaur (D:4)
  2 scorpions (D:4)
  An orc priest (D:3)
  Natasha (thrice) (D:2)
  2 orc wizards
  3 gnolls (D:3)
  6 adders
  2 worms
  A dart slug (D:3)
  10 orcs
  4 ball pythons
  3 endoplasms
  A giant cockroach (D:1)
  3 hobgoblins
  7 jackals
  5 bats
  2 frilled lizards (D:1)
  2 goblins
  7 kobolds
  5 rats
73 creatures vanquished.

Notes
Turn   | Place    | Note
-------+----------+-------------------------------------------
     0 | D:1      | porpoise the Kobold Hunter began the quest for the Orb.
     0 | D:1      | Reached XP level 1. HP: 12/12 MP: 1/1
   179 | D:1      | Reached XP level 2. HP: 18/18 MP: 2/2
   339 | D:1      | Found Caacvuapp's Weapon Shop.
   899 | D:2      | Reached XP level 3. HP: 22/22 MP: 3/3
   902 | D:2      | Noticed Natasha
   911 | D:2      | Killed Natasha
   912 | D:2      | Reached skill level 6 in Ranged Weapons
   991 | D:2      | Noticed Natasha
  1001 | D:2      | Killed Natasha
  1002 | D:2      | Reached XP level 4. HP: 14/28 MP: 4/4
  1272 | D:2      | Noticed Natasha
  1278 | D:2      | Killed Natasha
  1279 | D:2      | Reached XP level 5. HP: 31/32 MP: 5/5
  1288 | D:2      | Noticed Sigmund
  1300 | D:2      | Killed Sigmund
  1301 | D:2      | Reached skill level 7 in Ranged Weapons
  1301 | D:2      | Reached XP level 6. HP: 12/38 MP: 6/6
  1750 | D:3      | Found a sacrificial altar of Ru.
  1891 | D:3      | Reached skill level 8 in Ranged Weapons
  2226 | D:3      | Reached XP level 7. HP: 36/43 MP: 7/7
  2494 | D:3      | Found a hide-covered altar of Uskayaw.
  2494 | D:3      | Found a shimmering altar of Xom.
  2567 | D:4      | Reached skill level 5 in Stealth
  2857 | D:4      | Found a staircase to the Ecumenical Temple.
  2862 | Temple   | Entered the Ecumenical Temple
  2931 | D:4      | Noticed Eustachio
  2936 | D:4      | Reached skill level 9 in Ranged Weapons
  2948 | D:4      | Reached XP level 8. HP: 21/48 MP: 8/8
  2960 | D:4      | Killed Eustachio
  2961 | D:4      | Reached skill level 5 in Fighting
  2973 | D:4      | Killed from afar by an orc wizard

Illustrated notes

Levels and vault maps discovered:
D:1:      dpeg_arrival_tiny_a, layout_basic, serial_shops, shop,
          chequers_big_river, minmay_tree_intersection
D:2:      layout_basic, uniq_sigmund, uniq_natasha
D:3:      layout_rooms, nicolae_ru_awakened_eye,
          gammafunk_temple_overflow_elements
D:4:      layout_loops_cross, temple_doors_e, uniq_eustachio, uniq_blork_the_orc
Temple:   hellmonk_temple_two_chambers

Skill      XL: |  1  2  3  4  5  6  7  8 |
---------------+-------------------------+-----
Stealth        | 2 3 4 5 6 |  6.3
Ranged Weapons | 6 7 8 9 |  9.8
Fighting       | 3 4 5 |  5.2
Dodging        | |  2.4

Action                     |  1- 3 |  4- 6 |  7- 9 || total
---------------------------+-------+-------+-------++-------
   Fire: Shortbow          |    67 |   105 |    95 ||   267
    Use: Scroll            |     4 |       |     2 ||     6
         Potion            |       |       |     3 ||     3
 Armour: Leather armour    |     7 |    12 |    19 ||    38
  Dodge: Dodged            |    31 |    29 |    55 ||   115
